 Dungeon Crawl Stone Soup version 0.30-a0-760-g5a9884bb7c (webtiles) character file.

Game seed: 9483253329983857414

73 Crownlay the Firebug (level 4, -9/33 HPs)
             Began as a Hill Orc Fire Elementalist on Feb 10, 2023.
             Mangled by Crazy Yiuf
             ... wielding a +3 quarterstaff of chaos
              (19 damage)
             ... on level 2 of the Dungeon.
             The game lasted 00:03:59 (2323 turns).

Crownlay the Firebug (Hill Orc Fire Elementalist)   Turns: 2323, Time: 00:04:00

Health: -9/33      AC:  2    Str: 10    XL:     4   Next: 27%
Magic:  6/6        EV: 12    Int: 17    God:
Gold:   160        SH:  0    Dex: 15    Spells: 3/6 levels left

rFire   . . .      SeeInvis +    p - +4 spear of the Present {speed, *Slow rCorr Dex+4 SInv}
rCold   . . .      Faith    .    (no shield)
rNeg    . . .      Spirit   .    a - +0 robe
rPois   .          Reflect  .    (no helmet)
rElec   .          Harm     .    (no cloak)
rCorr   +          Rampage  .    (no gloves)
Will    .....                    (no boots)
Stlth   ++                       (no amulet)
HPRegen 0.25/turn                (no ring)
MPRegen 0.10/turn                (no ring)

@: no status effects
A: no striking features
a: no special abilities


You were on level 2 of the Dungeon.
You visited 1 branch of the dungeon, and saw 2 of its levels.

You collected 160 gold pieces.

Inventory:

Hand Weapons
 p - the +4 spear of the Present (weapon) {speed, *Slow rCorr Dex+4 SInv}
   (You found it on level 2 of the Dungeon)

   Dex:       It affects your dexterity (+4).
   SInv:      It lets you see invisible.
   rCorr:     It protects you from acid and corrosion.
   *Slow:     It may slow you when you take damage.
Armour
 a - a +0 robe (worn)
Magical Staves
 e - a staff of air
Jewellery
 m - a ring of ice
Scrolls
 c - a scroll of magic mapping {unknown}
 d - a scroll of poison {unknown}
 i - 2 scrolls of fear {unknown}
 j - a scroll of vulnerability {unknown}
 l - a scroll of identify {unknown}
 n - a scroll of silence {unknown}
 o - a scroll of blinking {unknown}
 q - a scroll of enchant weapon {unknown}
Potions
 b - 2 potions of magic
 f - 2 potions of invisibility {unknown}
 g - 2 potions of curing {unknown}
 h - a potion of brilliance {unknown}
 k - 2 potions of lignification {unknown}


   Skills:
 - Level 1.5 Dodging
 - Level 1.5 Stealth
 - Level 1.5 Spellcasting
 - Level 1.0 Conjurations
 + Level 5.5 Fire Magic


You had 3 spell levels left.
You knew the following spells:

 Your Spells              Type           Power      Damage    Failure   Level
a - Foxfire               Conj/Fire      48%        2x1d6     5%          1
b - Scorch                Fire           40%        2d7       3%          2

Your spell library contained the following spells:

 Spells                   Type           Power      Damage    Failure   Level
 Magic Dart               Conj           16%        1d3       14%         1
 Summon Small Mammal      Summ           4%         N/A       21%         1
 Inner Flame              Hex/Fire       10%        N/A       21%         3
 Kindle Blastsparks       Fire/Tloc/Air  14%        2d11      28%         3
 Call Imp                 Summ           1%         N/A       30%         2
 Mephitic Cloud           Conj/Pois/Air  2%         N/A       47%         3
 Call Canine Familiar     Summ           1%         N/A       52%         3
 Summon Guardian Golem    Hex/Summ       1%         N/A       52%         3
 Flame Wave               Conj/Fire      12%        2d6       47%         4


Dungeon Overview and Level Annotations

Branches:
Dungeon (2/15)

Altars:

Shops:
D:1 (*[[!

Annotations:
D:2 Crazy Yiuf


Message History

You now have 119 gold pieces (gained 7).
You now have enough gold to buy a bound platinum ring on D:1.
You can access your shopping list by pressing '$'.
You now have 135 gold pieces (gained 16).
Found a stone staircase leading down.
You now have 151 gold pieces (gained 16).
A quokka comes into view.
A quokka is nearby!
A quokka is nearby!
A quokka is nearby!
You hit the quokka.
You kill the quokka!
No target in view!
No target in view!
No target in view!
You now have 160 gold pieces (gained 9).
Crazy Yiuf shouts!
Could not explore, unopened runed door.
Could not explore, unopened runed door.
Could not explore, unopened runed door.
Press: ? - help, v - describe, . - travel
Here: Crazy Yiuf, wielding a +3 quarterstaff of chaos and wearing a +0 cloak (fire blocked by a runed translucent door)
The floor.
Unknown command.
Casting: Foxfire (safe; 5% risk of failure)
Confirm with . or Enter, or press ? or * to list all spells.
You can't see any susceptible monsters within range! (Use Z to cast anyway.)
You open the door. You barely miss Crazy Yiuf. Crazy Yiuf barely misses you.
You closely miss Crazy Yiuf. You hit Crazy Yiuf.
Crazy Yiuf is moderately wounded.
Crazy Yiuf hits you with a +3 quarterstaff of chaos!
Crazy Yiuf freezes you.
You closely miss Crazy Yiuf.
Crazy Yiuf is moderately wounded.
Crazy Yiuf hits you with a +3 quarterstaff of chaos!
You are electrocuted!!
Ouch! That really hurt!
You die...

##### #..)# #...#
... #g# ♣♣@♣ ♣.♣♣
♣♣.♣ ♣.♣♣ ### #
♣♣.♣♣ #.## # ♣...♣♣
#..######### ♣....♣
#...<...##.. #....#
#..##.......
##..#####..........#


You could see Crazy Yiuf.

Vanquished Creatures
  2 adders (D:2)
  A worm (D:2)
  2 dart slugs (D:2)
  4 endoplasms
  3 giant cockroaches
  5 goblins
  5 hobgoblins
  3 jackals (D:1)
  3 quokkas
  4 ball pythons (D:1)
  4 bats
  3 frilled lizards
  4 kobolds
  4 rats
47 creatures vanquished.

Vanquished Creatures (others)
  140 foxfires
140 creatures vanquished.

Grand Total: 187 creatures vanquished

Notes
Turn   | Place    | Note
-------+----------+-------------------------------------------
     0 | D:1      | Crownlay the Hill Orc Fire Elementalist began the quest for
                  | the Orb.
     0 | D:1      | Reached XP level 1. HP: 14/14 MP: 3/3
    26 | D:1      | Found Tegunt's Antique Armour Emporium.
    27 | D:1      | Found Tunaf's Armour Boutique.
   208 | D:1      | Reached XP level 2. HP: 16/20 MP: 2/4
   307 | D:1      | Found Qixilel's Weapon Emporium.
   315 | D:1      | Reached skill level 4 in Fire Magic
   378 | D:1      | Found Heklo's Assorted Antiques.
   555 | D:1      | Found Fawer's Distillery.
   988 | D:1      | Reached XP level 3. HP: 26/26 MP: 1/5
  1181 | D:1      | Learned a level 2 spell: Scorch
  1576 | D:2      | Reached skill level 5 in Fire Magic
  1901 | D:2      | Reached XP level 4. HP: 26/33 MP: 1/6
  1960 | D:2      | Identified the +4 spear of the Present {speed, *Slow rCorr
                  | Dex+4 SInv}
  2001 | D:2      | Found a runed translucent door.
  2002 | D:2      | Noticed Crazy Yiuf
  2323 | D:2      | Mangled by Crazy Yiuf

Illustrated notes

Levels and vault maps discovered:
D:1:      eino_arrival_tree_alley, layout_loops_ring, serial_shops,
          nicolae_shop_advertising_works [nicolae_subvault_shop_adworks],
          nicolae_shop_stone, shop, shop, shop
D:2:      layout_rooms, st_stairs_1, minmay_cut_off, uniq_crazy_yiuf_cottage

Skill      XL: |  1  2  3 |
---------------+----------+-----
Fire Magic     | 4 5 |  5.5
Dodging        | |  1.5
Stealth        | |  1.5
Spellcasting   | |  1.5
Conjurations   | |  1.0

Action                     |  1- 3 |  4- 6 || total
---------------------------+-------+-------++-------
  Melee: Club              |    14 |       ||    14
         Unarmed           |     1 |       ||     1
         Dagger            |    52 |     4 ||    56
         Punch             |     2 |       ||     2
         Spear             |       |     8 ||     8
   Cast: Foxfire           |    79 |    10 ||    89
   Stab: Sleeping          |       |     1 ||     1
 Armour: Robe              |    18 |     1 ||    19
  Dodge: Dodged            |    63 |     4 ||    67

Table legend: (Time is in decaauts)
 A = Elapsed time spent in this place.
 B = Non-inter-level travel time spent in this place.
 C = Inter-level travel time spent in this place.
 D = Time resting spent in this place.
 E = Time spent auto-exploring this place.
 F = Levels seen in this place.
 G = Mean time per level.
                   A        B        C        D        E       F      G
               +--------+--------+--------+--------+--------+-----+--------+
         Total |   2323 |   2281 |     42 |      0 |   1960 |   2 | 1161.5 |
       Dungeon |   2323 |   2281 |     42 |      0 |   1960 |   2 | 1161.5 |
               +--------+--------+--------+--------+--------+-----+--------+

Top non-repeatable levels by time:
     D:1: 1226 daAuts
     D:2: 1097 daAuts
